 Dungeon Crawl Stone Soup version 0.25-a0-253-g6f1b5d974a (webtiles) character file.

Game seed: 4623545768645458563, levelgen mode: classic

11 Borgoz the Sneak (level 2, 9/18 HPs)
             Began as a Gargoyle Assassin on Dec 5, 2019.
             Quit the game on level 1 of the Dungeon.
             The game lasted 00:00:26 (123 turns).

Borgoz the Sneak (Gargoyle Assassin)                 Turns: 123, Time: 00:00:27

Health: 9/18       AC:  5    Str: 14    XL:     2   Next: 25%
Magic:  2/2        EV: 11    Int: 11    God:
Gold:   11         SH:  0    Dex: 11    Spells: 1/1 levels left

rFire    . . .     SeeInvis .   a - +2 dagger
rCold    . . .     Gourm    .   (no shield)
rNeg     + . .     Faith    .   b - +0 robe
rPois    ∞         Spirit   .   (no helmet)
rElec    +         Reflect  .   c - +0 cloak
rCorr    .         Harm     .   (no gloves)
MR       .....                  (no boots)
Stlth    ++........             (no amulet)
HPRegen  0.06/turn              (no ring)
MPRegen  0.08/turn              (no ring)

@: no status effects
A: negative energy resistance 1, electricity resistance, unbreathing,
petrification resistance, rot immunity, AC +2
a: no special abilities


You were on level 1 of the Dungeon.
You were not hungry.

You visited 1 branch of the dungeon, and saw 1 of its levels.

You collected 11 gold pieces.

Inventory:

Hand Weapons
 a - a +2 dagger (weapon)
Missiles
 d - 8 poisoned darts (quivered)
 e - 2 curare-tipped darts
Armour
 b - a +0 robe (worn)
 c - a +0 cloak (worn)
Comestibles
 f - a ration


   Skills:
 + Level 2.4 Fighting
 * Level 2.1 Short Blades
 - Level 1.7 Throwing
 * Level 0.9 Armour
 + Level 1.0 Dodging
 - Level 4.3 Stealth


You had one spell level left.
You didn't know any spells.
Your spell library was empty.

Dungeon Overview and Level Annotations

Branches:
Dungeon (1/15)

Altars:


Innate Abilities, Weirdness & Mutations

You are resistant to torment.
Your stone body is resilient. (AC +2)
You are immune to poison.
You resist negative energy. (rN+)
You are resistant to electric shocks. (rElec)
You can survive without breathing.
You are immune to petrification.
You are immune to rotting.


Message History

You kill the kobold!
You hit the rat.
You kill the rat!
Things that are here:
2 stones; a giant cockroach corpse; a jackal corpse
Things that are here:
2 stones; a giant cockroach corpse; a jackal corpse A ball python comes into view.
The ball python moves out of view.
Found a scroll labeled BAORGH WYNG.
A ball python is nearby!
A ball python is nearby!
You are too injured to fight recklessly!
You are too injured to fight recklessly!
You are too injured to fight recklessly!
You are too injured to fight recklessly!
You are too injured to fight recklessly!
You are too injured to fight recklessly!
You are too injured to fight recklessly!
Are you sure you want to abandon this character and quit the game? (Confirm with "yes".)

#####.?......
#.......S....
.......$.... ####
...?....... ##≈≈≈#
.......... #≈≈≈≈#
......... ≈≈≈≈#
#........ #≈≈≈######
#@.......
≈≈≈≈.....#######........
≈≈≈≈.........()(........
≈≈≈≈......##############
≈≈≈.......# ≈≈≈.......#
≈≈≈.......# ≈≈≈.......#
≈≈≈.......#


You could see a ball python (wandering).

Vanquished Creatures
  A giant cockroach (D:1)
  2 hobgoblins (D:1)
  2 jackals (D:1)
  2 kobolds (D:1)
  A bat (D:1)
  A frilled lizard (D:1)
  A rat (D:1)
10 creatures vanquished.

Notes
Turn   | Place    | Note
-------+----------+-------------------------------------------
     0 | D:1      | Borgoz the Gargoyle Assassin began the quest for the Orb.
     0 | D:1      | Reached XP level 1. HP: 12/12 MP: 1/1
    79 | D:1      | Reached skill level 1 in Dodging
    79 | D:1      | Reached XP level 2. HP: 16/17 MP: 2/2
   123 | D:1      | Quit the game

Levels and vault maps discovered:
D:1:      lemuel_arrival_river_passageway, layout_basic, serial_corexii_hall,
          corexii_hall_statues_i, chequers_hall_statues_corner_a,
          corexii_hall_statues_i, corexii_hall_statues_s,
          corexii_hall_statues_u, chequers_hall_statues_corner_a

Skill      XL: |  1 |
---------------+----+-----
Short Blades   | 2 |  2.1
Dodging        | 1 |  1.0
Fighting       | |  2.4
Throwing       | |  1.7
Armour         | |  0.9
Stealth        | |  4.3

Action                   || total
-------------------------++-------
Melee: Dagger            ||    62
Armor: Robe              ||    12
Dodge: Dodged            ||    40

Table legend:
 A = Non-vault XP
 B = Vault XP
 C = Vault XP percentage of total XP
 D = Non-vault monster count
 E = Vault monster count
 F = Vault count percentage of total count
                 A         B        C        D         E       F
            +---------+---------+-------+---------+---------+-------
      Total |      16 |       0 |   0.0 |      10 |       0 |   0.0
            +---------+---------+-------+---------+---------+-------
        D:1 |      16 |       0 |   0.0 |      10 |       0 |   0.0
            +---------+---------+-------+---------+---------+-------
